 Dungeon Crawl Stone Soup version 0.29.1 (webtiles) character file.

Game seed: 16564072371147417894

1 thegreatpagliacci the Magician (level 1, 0/11 HPs)
             Began as an Octopode Hedge Wizard on Sept 14, 2022.
             Slain by a kobold
             ... wielding a +0 dagger
              (4 damage)
             ... on level 1 of the Dungeon.
             The game lasted 00:00:24 (107 turns).

thegreatpagliacci the Magician (OpHW)                Turns: 107, Time: 00:00:25

Health: 0/11       AC:  1    Str:  9    XL:     1   Next: 20%
Magic:  4/4        EV: 13    Int: 16    God:
Gold:   13         SH:  0    Dex: 11    Spells: 5/6 levels left

rFire   . . .      SeeInvis .   a - +0 dagger
rCold   . . .      Faith    .   (no shield)
rNeg    . . .      Spirit   .   b - +0 hat
rPois   .          Reflect  .   (no amulet)
rElec   .          Harm     .   (no ring)
rCorr   .          Rampage  .   (no ring)
Will    .....                   (no ring)
Stlth   +++.......              (no ring)
HPRegen 0.03/turn               (no ring)
MPRegen 0.09/turn               (no ring)
                                (no ring)
                                (no ring)

@: no status effects
A: almost no armour, amphibious, 8 rings, camouflage 1, gelatinous body 1,
(nimble swimmer 1), tentacles
a: no special abilities


You were on level 1 of the Dungeon.
You visited 1 branch of the dungeon, and saw 1 of its levels.

You collected 13 gold pieces.

Inventory:

Hand Weapons
 a - a +0 dagger (weapon)
Armour
 b - a +0 hat (worn)
Scrolls
 d - a scroll of poison {unknown}
Potions
 c - a potion of magic


   Skills:
 + Level 2.0 Dodging
 + Level 2.6 Stealth
 + Level 3.0 Spellcasting
 + Level 1.0 Conjurations
 + Level 1.0 Summonings
 + Level 1.0 Translocations


You had 5 spell levels left.
You knew the following spells:

 Your Spells              Type           Power      Damage    Failure   Level
a - Magic Dart            Conj           20%        1d4       12%         1

Your spell library contained the following spells:

 Spells                   Type           Power      Damage    Failure   Level
 Slow                     Hex            8%         N/A       19%         1
 Blink                    Tloc           10%        N/A       19%         2
 Call Imp                 Summ           5%         N/A       19%         2
 Conjure Flame            Conj/Fire      4%         6-21      41%         3
 Mephitic Cloud           Conj/Pois/Air  3%         N/A       43%         3


Dungeon Overview and Level Annotations

Branches:
Dungeon (1/15)

Altars:


Innate Abilities, Weirdness & Mutations

You cannot wear most types of armour.
You are amphibious.
You can wear up to eight rings at the same time.
Your skin changes colour to match your surroundings (Stealth+).
Your rubbery body absorbs attacks. (AC +1, EV +1)
((You are camouflaged when in or above water. (Stealth+)))
You have tentacles for arms and can constrict up to eight enemies at once.


Message History

The kobold shouts!
The kobold throws a stone.
The stone barely misses you.
Found 10 gold pieces.
The giant cockroach barely misses you.
The kobold throws a stone.
The stone hits you.
You hit the giant cockroach but do no damage.
You grab the giant cockroach.
You constrict the giant cockroach, but do no damage.
The giant cockroach barely misses you.
The kobold throws a stone.
The stone misses you.
You hit the giant cockroach.
The giant cockroach is heavily wounded.
You constrict the giant cockroach. The giant cockroach barely misses you.
You completely miss the giant cockroach.
You squeeze the giant cockroach, but do no damage.
The giant cockroach is severely wounded.
You constrict the giant cockroach, but do no damage.
The giant cockroach bites you.
The kobold throws a stone.
The stone closely misses you.
You hit the giant cockroach but do no damage.
The giant cockroach is severely wounded.
You constrict the giant cockroach. The giant cockroach barely misses you.
A kobold comes into view. It is wielding a +0 short sword.
The giant cockroach completely misses you.
The kobold shouts!
You hit the giant cockroach.
You kill the giant cockroach!
You hit the kobold but do no damage. Your grab misses the kobold.
The kobold barely misses you.
You barely miss the kobold. Your grab misses the kobold.
The kobold hits you with a +0 dagger.
You hit the kobold but do no damage. Your grab misses the kobold.
Your squeeze misses the kobold. The kobold hits you with a +0 dagger.
You hit the kobold. Your grab misses the kobold.
Your squeeze misses the kobold.
The kobold is severely wounded.
The kobold hits you with a +0 dagger.
You are too injured to fight recklessly!
You are too injured to fight recklessly!
The kobold attacks as you move away! The kobold hits you with a +0 dagger.
You die...

####.### .......#
##......###
#.........
#.......###
#..........
#..........
#.#K.......
#.@.......$
#.###.##...
#.......> .
#.###.### #.###.#
#########.....###
.................
#####..........
#.####.....


You could see a kobold.

Vanquished Creatures
  A giant cockroach (D:1)
1 creature vanquished.

Notes
Turn   | Place    | Note
-------+----------+-------------------------------------------
     0 | D:1      | thegreatpagliacci the Octopode Hedge Wizard began the quest
                  | for the Orb.
     0 | D:1      | Reached XP level 1. HP: 11/11 MP: 4/4
   107 | D:1      | Slain by a kobold

Illustrated notes

Levels and vault maps discovered:
D:1:      minmay_arrival_jagged, layout_loops_ring,
          shapermc_ecumenical_altar_flowoftime

Action                   || total
-------------------------++-------
Melee: Dagger            ||     9
       Constrict         ||     1
       Tentacles         ||     1
Dodge: Dodged            ||     9
